 Dungeon Crawl Stone Soup version 0.23.2 (webtiles) character file.

Game seed: 426328545938573657

465 Kinoniko the Slasher (level 6, -3/50 HPs)
             Began as a Demonspawn Chaos Knight on Apr 2, 2019.
             Was a Plaything of Xom.
             Killed by divine providence
             ... invoked by an orc priest
              (12 damage)
             ... on level 5 of the Dungeon.
             The game lasted 00:11:20 (2484 turns).

Kinoniko the Slasher (Demonspawn Chaos Knight)      Turns: 2484, Time: 00:11:20

Health: -3/50      AC:  5    Str: 14      XL:     6   Next: 80%
Magic:  6/6        EV: 12    Int: 14      God:    Xom [......]
Gold:   138        SH:  0    Dex: 16 (17) Spells: 5/5 levels left

rFire    . . .     SeeInvis .   a - +0 falchion (chaos)
rCold    . . .     Gourm    .   (no shield)
rNeg     . . .     Faith    .   b - +2 leather armour
rPois    .         Spirit   .   (helmet restricted)
rElec    .         Reflect  .   (no cloak)
rCorr    .         Harm     .   (no gloves)
MR       .....     Rnd*Tele +   (no boots)
Stlth    +.........             (no amulet)
HPRegen  0.16/turn              d - ring of teleportation (curse)
MPRegen  0.10/turn              f - +5 ring of dexterity

@: no status effects
A: antennae 2, spiny 1
a: Renounce Religion


You were on level 5 of the Dungeon.
You worshipped Xom.
You were a very special plaything of Xom.
You were not hungry.

You visited 1 branch of the dungeon, and saw 4 of its levels.

You collected 138 gold pieces.

Inventory:

Hand Weapons
 a - a +0 falchion of chaos (weapon)
Armour
 b - a +2 leather armour (worn)
Jewellery
 d - a cursed ring of teleportation (left hand)
 f - a +5 ring of dexterity (right hand)
Scrolls
 j - a scroll of identify
Potions
 e - 3 potions of flight
 g - a potion of degeneration
 h - a potion of ambrosia
 l - a potion of curing {unknown}
Comestibles
 c - 7 rations


   Skills:
 + Level 4.8 Fighting
 + Level 5.0 Long Blades
 + Level 3.1 Armour
 + Level 2.1 Dodging
 + Level 0.7 Stealth


You had 5 spell levels left.
You didn't know any spells.
Your spell library was empty.

Dungeon Overview and Level Annotations

Branches:
Dungeon (5/15)             Temple (0/1) D:4

Altars:
Vehumet

Annotations:
D:4 exclusion: statue


Innate Abilities, Weirdness & Mutations

You have a pair of antennae on your head.
You are partially covered in sharp spines.


Message History

The jelly is lightly wounded.
Xom's attention turns to you for a moment.
Heat is drained from your body!
* * * LOW HITPOINT WARNING * * *
The orc priest shouts!
You slash the jelly!
The jelly flickers and vanishes!
Deactivating autopickup; reactivate with Ctrl-A.
Your hands burn!
* * * LOW HITPOINT WARNING * * *
You hear a shout! x3
Something hits you but does no damage.
The orc priest looks satisfied for a moment.
The orc wizard is too close now for your liking.
The orc shouts!
You can drink potions again.
The orc priest shouts!
The orc shouts!
The orc priest mumbles some strange prayers to Beogh against you.
Beogh smites you!
You die...
Xom chortles!

.#.......'........######..##.####
.#.......#######..##.............
###............#..##.............
..#............'..#...##..##.####
..#............#..#...########...
###............#####...# #...
...)...####........#...# #...
.......# .'........#...# #...
.......# #.....@..'...# #...
.......####........##### #..<
...#.#.#.#.#...........# #...
.......................# #...
...#.##'##.#...........# #...
.....#...#...o.####{...# #...
...#....('.##o##..#o...# #...
.....#..)#(...{...#....# #...
...#.##'##(#.o...{#....# #...


You could see an orc priest, an orc wizard and an orc.

Vanquished Creatures
  A sky beast (D:5)
  A killer bee (D:1)
  A howler monkey (D:5)
  A centaur zombie (D:5)
  A quasit (D:5)
  An orc wizard (D:4)
  A worker ant (D:5)
  5 adders
  A worm (D:4)
  5 dart slugs
  A leopard gecko (D:5)
  3 orcs (D:4)
  2 giant cockroaches
  5 hobgoblins (D:1)
  4 jackals (D:1)
  A ball python (D:4)
  A ball python skeleton (D:4)
  2 bats (D:1)
  A goblin (D:1)
  A kobold (D:1)
  2 rats (D:1)
41 creatures vanquished.

Vanquished Creatures (collateral kills)
  Blork the orc (D:5)
  A jelly (D:5)
  An orc (D:5)
3 creatures vanquished.

Grand Total: 44 creatures vanquished

Notes
Turn   | Place    | Note
-------+----------+-------------------------------------------
     0 | D:1      | Kinoniko the Demonspawn Chaos Knight began the quest for
                  | the Orb.
     0 | D:1      | Reached XP level 1. HP: 18/18 MP: 1/1
    33 | D:1      | Reached skill level 3 in Long Blades
    33 | D:1      | Gained mutation: You are partially covered in sharp spines.
                  | [demonic ancestry]
    33 | D:1      | Reached XP level 2. HP: 16/24 MP: 2/2
    64 | D:1      | Noticed a killer bee
    64 | D:1      | an ooze changed into a killer bee
    64 | D:1      | XOM: silly message
    65 | D:1      | Killed a killer bee
    65 | D:1      | Reached skill level 1 in Dodging
    65 | D:1      | Reached XP level 3. HP: 21/30 MP: 3/3
   390 | D:2      | You fall through a shaft for 2 floors!
   390 | D:4      | Found a staircase to the Ecumenical Temple.
   395 | D:4      | Gained mutation: You have a pair of small antennae on your
                  | head. [demonic ancestry]
   395 | D:4      | Reached XP level 4. HP: 37/37 MP: 4/4
   457 | D:4      | Found a radiant altar of Vehumet.
   457 | D:4      | Noticed a charred statue
   681 | D:4      | XOM: cloud trail
  1483 | D:5      | Entered Level 5 of the Dungeon
  1485 | D:5      | XOM: summons friendly crimson imp
  1489 | D:5      | Reached skill level 4 in Long Blades
  1489 | D:5      | Gained mutation: You have a pair of antennae on your head.
                  | [demonic ancestry]
  1489 | D:5      | Reached XP level 5. HP: 41/42 MP: 5/5
  1520 | D:5      | Noticed a sky beast
  1529 | D:5      | Killed a sky beast
  1565 | D:5      | Reached XP level 6. HP: 40/49 MP: 6/6
  1694 | D:5      | Noticed Blork the orc
  1696 | D:5      | XOM: smoke on damage
  1700 | D:5      | XOM: summons 6 friendly demons
  1703 | D:5      | Killed Blork the orc
  1731 | D:5      | HP: 1/49 [acid (3)]
  1731 | D:5      | Reached skill level 5 in Long Blades
  1786 | D:5      | XOM: mild Summ miscast
  1787 | D:5      | Noticed a spatial vortex
  1904 | D:5      | XOM: 3-stop teleportation journey
  1917 | D:5      | XOM: butterfly on damage
  1918 | D:5      | XOM: polymorph butterfly -> bat
  2444 | D:5      | XOM: mild Chrm miscast
  2457 | D:5      | XOM: mild Necr miscast
  2468 | D:5      | XOM: medium Ice miscast
  2484 | D:5      | Killed from afar by an orc priest

Skill      XL: |  1  2  3  4  5  6 |
---------------+-------------------+-----
Long Blades    | 3 4 5 |  5.0
Armour         | 2 3 |  3.1
Dodging        | 1 2 |  2.1
Fighting       | 4 |  4.8
Stealth        | |  0.7

Action                   |  1- 3 |  4- 6 || total
-------------------------+-------+-------++-------
Melee: Falchion          |    31 |    81 ||   112
  Use: Scroll            |     1 |     5 ||     6
       Potion            |     1 |     1 ||     2
 Stab: Sleeping          |       |     1 ||     1
       Distracted        |       |     1 ||     1
       Confused          |       |     1 ||     1
  Eat: Ration            |       |     2 ||     2
       Chunk             |       |     1 ||     1
Armor: Leather armour    |    16 |    39 ||    55
Dodge: Dodged            |    19 |    51 ||    70
       Rpst.: Falchion   |     7 |    23 ||    30
